AoeStats
← AOELG_bravedave92

Arabia

510089373Analyzed
2v2 RM · 4d ago on Sep 29, 2026· 66m 16s· 4 players
Game mode
Random Map
Map size
Medium (4 player)
Population
200
Speed
Normal
Resources
Standard
Victory
Conquest
Starting age
Dark Age
Ending age
Imperial Age
RankedLock teamsTeams togetherTeam positionsShared explorationLock speedFull tech treeHidden civsTurbo modeCheats
Victory
Defeat
🇩🇪 Persians · Germany
1156
+13
🇨🇭 Mongols · Switzerland
1108
+15
🇨🇳 Magyars · China
1092
-14
🇨🇳 Wei · China
1091
-14
474269844
6:33 Loom
10:17 Feudal Age
10:27 Man-at-Arms
15:08 Double-Bit Axe
19:36 Horse Collar
22:00 Castle Age
21:18 Bloodlines
21:36 Scale Barding Armor
22:03 Horse Collar
25:33 Pikeman
33:34 Husbandry
34:53 Chain Barding Armor
46:57 Imperial Age
46:43 Scale Mail Armor
47:17 Masonry
47:03 Cavalier
47:05 Light Cavalry
48:22 Plate Barding Armor
48:25 Wheelbarrow
49:10 Corvinian Army
49:34 Conscription
48:48 Halberdier
49:46 Chain Mail Armor
51:40 Hussar
54:23 Fletching
54:34 Padded Archer Armor
55:01 Elite Skirmisher
58:00 Bodkin Arrow
58:21 Leather Archer Armor
qwert12356
7:30 Loom
10:21 Feudal Age
23:01 Castle Age
21:03 Double-Bit Axe
22:09 Horse Collar
23:00 Bloodlines
24:06 Bow Saw
24:08 Fletching
25:52 Bodkin Arrow
28:05 Padded Archer Armor
29:14 Husbandry
30:42 Wheelbarrow
30:52 Leather Archer Armor
41:06 Hand Cart
45:06 Imperial Age
44:14 Gold Mining
45:47 Bracer
46:29 Ring Archer Armor
46:32 Ballistics
46:55 Conscription
48:28 Heavy Plow
49:02 Parthian Tactics
50:01 Chemistry
50:46 Scale Barding Armor
50:52 Forging
50:04 Light Cavalry
52:22 Chain Barding Armor
55:32 Hussar
57:39 Iron Casting
60:48 Town Watch
61:30 Elite Skirmisher
63:08 Pikeman
66:12 Scale Mail Armor
AOELG_bravedave92
6:54 Loom
9:09 Feudal Age
15:02 Double-Bit Axe
15:32 Bloodlines
19:10 Forging
23:37 Castle Age
21:42 Horse Collar
23:32 Scale Barding Armor
24:58 Wheelbarrow
25:05 Iron Casting
25:37 Fletching
28:28 Chain Barding Armor
30:05 Husbandry
31:15 Bow Saw
31:15 Padded Archer Armor
32:09 Heavy Plow
32:43 Leather Archer Armor
33:56 Crossbowman
35:56 Bodkin Arrow
36:37 Hand Cart
36:39 Kamandaran
38:04 Thumb Ring
46:08 Imperial Age
45:22 Elite Skirmisher
47:20 Ring Archer Armor
47:53 Blast Furnace
48:32 Two-Man Saw
48:02 Conscription
47:06 Heavy Camel Rider
49:24 Ballistics
50:59 Chemistry
52:24 Plate Barding Armor
53:29 Ring Archer Armor
53:50 Light Cavalry
59:14 Gold Mining
59:17 Stone Mining
62:41 Capped Ram
64:17 Hussar
frickman
8:04 Feudal Age
9:36 Double-Bit Axe
12:35 Loom
16:01 Horse Collar
19:52 Castle Age
20:07 Bloodlines
19:57 Stone Mining
20:06 Gold Mining
20:14 Fletching
20:25 Padded Archer Armor
21:29 Bodkin Arrow
22:21 Heavy Plow
24:44 Gold Shaft Mining
25:01 Leather Archer Armor
27:01 Husbandry
28:53 Wheelbarrow
33:12 Hand Cart
43:23 Stone Mining
45:19 Light Cavalry
49:43 Imperial Age
47:45 Ballistics
47:54 Thumb Ring
48:43 Town Watch
49:28 Town Patrol
50:47 Conscription
51:43 Hoardings
52:13 Chemistry
52:57 Parthian Tactics
52:42 Bracer
53:46 Forging
53:41 Scale Barding Armor
53:15 Crossbowman
53:18 Elite Skirmisher
57:54 Iron Casting
57:39 Chain Barding Armor
60:06 Hussar
62:11 Blast Furnace
62:34 Elite Mangudai
66:09 Masonry
66:04 Siege Engineers
Connection lost

Rejoining the realm…

Still unreachable

The connection could not be restored.

Session expired

The server has moved on; the page needs a fresh start.